[ AOE2 MATCH · #470262002 ]
1v1 RMPersians vs Persians
Player's team · LOSS
Rival team · WIN
[ REPLAY ANALYSIS · EXTRACTED FROM THE RECORDED GAME ]
Feudal
12:20
Castle
24:44
Imperial
—
| APM avg | 50.1 |
| APM peak | 116 |
| eAPM avg | 17.3 |
| Villagers / military | 89 / 24 |
Focus
⚔️ 15.2% · 🌾 84.8%
Knight ×12 · Scout Cavalry ×6 · Fishing Ship ×5 · Demolition Raft ×3 · Mangonel ×3
Feudal
12:46
Castle
17:53
Imperial
—
| APM avg | 20.8 |
| APM peak | 60 |
| eAPM avg | 12.7 |
| Villagers / military | 67 / 11 |
Focus
⚔️ 17.5% · 🌾 82.5%
Knight ×10 · Fishing Ship ×9 · Monk ×1
Match map
Initial resources + every placement click. Lines = walls · curves = elevation contours. ◆ gold · ⬟ stone · ● berries · ✦ relic · ◌ wall gap
Your base· Open — 8t gap
brightonpig's base· Open — unwalled flank
Smoothed initial terrain · ◌ = detected wall gap · hover for details
Inputs per minute
— panda - - brightonpig
Build order — panda
First 150 of 188 actions detected
| 0:49 | Build | Town Center |
| 2:28 | Create | Villager (Male) |
| 2:28 | Create | Villager (Male) |
| 2:28 | Create | Villager (Male) |
| 2:28 | Create | Villager (Male) |
| 2:30 | Create | Villager (Male) |
| 2:35 | Build | House |
| 3:31 | Create | Villager (Male) |
| 3:32 | Create | Villager (Male) |
| 3:54 | Build | Dock |
| 4:19 | Create | Villager (Male) |
| 4:19 | Create | Villager (Male) |
| 4:35 | Build | House |
| 4:53 | Create | Villager (Male) |
| 4:53 | Create | Villager (Male) |
| 5:05 | Create | Villager (Male) |
| 5:06 | Create | Villager (Male) |
| 5:33 | Create | Villager (Male) |
| 6:05 | Create | Villager (Male) |
| 6:05 | Create | Villager (Male) |
| 6:59 | Create | Villager (Male) |
| 7:18 | Create | Villager (Male) |
| 7:19 | Create | Villager (Male) |
| 7:22 | Create | Fishing Ship |
| 7:28 | Build | House |
| 7:34 | Research | Loom |
| 7:46 | Create | Villager (Male) |
| 7:58 | Create | Villager (Male) |
| 8:02 | Create | Fishing Ship |
| 8:37 | Create | Villager (Male) |
| 9:08 | Create | Villager (Male) |
| 9:15 | Build | House |
| 9:51 | Build | Lumber Camp |
| 9:51 | Create | Villager (Male) |
| 10:16 | Research | Feudal Age |
| 10:30 | Create | Fishing Ship |
| 10:51 | Create | Villager (Male) |
| 11:20 | Build | House |
| 11:35 | Create | Villager (Male) |
| 11:37 | Build | House |
| 11:59 | Build | Barracks |
| 12:20 | Age | Feudal Age |
| 12:21 | Create | Villager (Male) |
| 12:59 | Build | Stable |
| 13:05 | Build | House |
| 13:13 | Create | Villager (Male) |
| 13:14 | Create | Villager (Male) |
| 13:20 | Research | Double-Bit Axe |
| 13:21 | Create | Villager (Male) |
| 13:33 | Build | Mill |
| 13:40 | Create | Scout Cavalry |
| 13:40 | Create | Scout Cavalry |
| 13:59 | Create | Villager (Male) |
| 14:05 | Build | Palisade Wall |
| 14:11 | Build | House |
| 14:12 | Build | House |
| 14:15 | Build | Palisade Wall |
| 14:16 | Create | Villager (Male) |
| 14:23 | Create | Scout Cavalry |
| 14:35 | Build | Farm |
| 14:39 | Create | Villager (Male) |
| 14:39 | Create | Villager (Male) |
| 14:54 | Create | Villager (Male) |
| 14:54 | Create | Villager (Male) |
| 15:17 | Build | Blacksmith |
| 15:19 | Build | House |
| 15:36 | Create | Villager (Male) |
| 15:36 | Create | Villager (Male) |
| 15:39 | Build | Farm |
| 16:01 | Create | Villager (Male) |
| 16:10 | Build | Farm |
| 16:11 | Build | Farm |
| 16:11 | Build | Farm |
| 16:15 | Build | Dock |
| 16:18 | Create | Villager (Male) |
| 16:48 | Create | Villager (Male) |
| 16:48 | Create | Villager (Male) |
| 16:52 | Build | Farm |
| 16:54 | Build | Farm |
| 17:07 | Build | Mining Camp |
| 17:21 | Create | Scout Cavalry |
| 17:40 | Create | Villager (Male) |
| 17:41 | Create | Villager (Male) |
| 17:44 | Build | Farm |
| 17:54 | Build | Farm |
| 17:55 | Build | Farm |
| 17:56 | Build | Farm |
| 18:01 | Build | Farm |
| 18:02 | Build | Farm |
| 18:02 | Build | Farm |
| 18:36 | Create | Villager (Male) |
| 18:36 | Create | Villager (Male) |
| 18:41 | Build | Farm |
| 18:44 | Create | Villager (Male) |
| 18:52 | Build | Farm |
| 18:52 | Build | Farm |
| 18:52 | Build | Farm |
| 18:53 | Build | Farm |
| 18:53 | Build | Farm |
| 18:53 | Build | Farm |
| 18:57 | Create | Demolition Raft |
| 19:35 | Create | Villager (Male) |
| 19:35 | Create | Villager (Male) |
| 20:30 | Create | Villager (Male) |
| 20:31 | Create | Villager (Male) |
| 20:50 | Create | Villager (Male) |
| 20:53 | Build | Farm |
| 20:55 | Build | Farm |
| 20:57 | Build | Farm |
| 21:03 | Create | Villager (Male) |
| 21:14 | Create | Villager (Male) |
| 21:27 | Build | Market |
| 21:38 | Build | Stable |
| 21:56 | Create | Villager (Male) |
| 22:07 | Research | Castle Age |
| 22:16 | Research | Gold Mining |
| 22:19 | Create | Villager (Male) |
| 22:19 | Create | Villager (Male) |
| 22:19 | Create | Villager (Male) |
| 22:34 | Create | Fishing Ship |
| 22:34 | Create | Fishing Ship |
| 22:42 | Create | Villager (Male) |
| 22:42 | Create | Villager (Male) |
| 22:44 | Build | Farm |
| 22:44 | Create | Villager (Male) |
| 22:47 | Build | Farm |
| 23:43 | Create | Villager (Male) |
| 24:13 | Create | Villager (Male) |
| 24:24 | Create | Villager (Male) |
| 24:41 | Research | Bloodlines |
| 24:44 | Age | Castle Age |
| 24:44 | Research | Scale Barding Armor |
| 24:46 | Create | Scout Cavalry |
| 24:47 | Create | Scout Cavalry |
| 24:48 | Create | Knight |
| 24:48 | Create | Knight |
| 24:55 | Build | Siege Workshop |
| 24:56 | Create | Villager (Male) |
| 24:57 | Create | Villager (Male) |
| 25:04 | Build | Mining Camp |
| 25:08 | Create | Villager (Male) |
| 25:19 | Create | Villager (Male) |
| 25:26 | Create | Villager (Male) |
| 25:26 | Create | Villager (Male) |
| 25:27 | Create | Villager (Male) |
| 25:34 | Build | Town Center |
| 25:36 | Create | Villager (Male) |
| 25:38 | Create | Mangonel |
| 25:38 | Create | Mangonel |
| 25:45 | Create | Knight |
Build order — brightonpig
First 150 of 157 actions detected
| 0:25 | Build | Town Center |
| 0:41 | Build | Dock |
| 2:31 | Create | Villager (Male) |
| 2:31 | Create | Villager (Male) |
| 2:32 | Create | Villager (Male) |
| 2:32 | Create | Villager (Male) |
| 2:32 | Create | Villager (Male) |
| 3:03 | Create | Villager (Male) |
| 3:19 | Build | House |
| 3:22 | Research | Loom |
| 3:26 | Create | Villager (Male) |
| 3:27 | Create | Villager (Male) |
| 3:28 | Create | Villager (Male) |
| 3:29 | Create | Villager (Male) |
| 3:38 | Build | House |
| 3:59 | Create | Villager (Male) |
| 4:32 | Create | Villager (Male) |
| 5:08 | Create | Fishing Ship |
| 5:33 | Create | Villager (Male) |
| 5:33 | Create | Villager (Male) |
| 6:04 | Create | Fishing Ship |
| 6:12 | Create | Villager (Male) |
| 6:31 | Build | House |
| 6:44 | Build | House |
| 6:58 | Create | Villager (Male) |
| 7:09 | Create | Fishing Ship |
| 7:32 | Create | Villager (Male) |
| 7:33 | Create | Villager (Male) |
| 7:38 | Create | Fishing Ship |
| 8:34 | Create | Villager (Male) |
| 8:34 | Create | Villager (Male) |
| 8:44 | Build | Dock |
| 9:11 | Build | Lumber Camp |
| 9:48 | Create | Fishing Ship |
| 9:54 | Create | Villager (Male) |
| 9:55 | Create | Villager (Male) |
| 9:58 | Create | Fishing Ship |
| 10:11 | Build | House |
| 10:18 | Build | House |
| 10:43 | Research | Feudal Age |
| 10:51 | Create | Fishing Ship |
| 10:54 | Create | Fishing Ship |
| 10:58 | Build | House |
| 11:00 | Build | House |
| 11:41 | Build | Barracks |
| 12:01 | Create | Fishing Ship |
| 12:46 | Age | Feudal Age |
| 12:47 | Research | Double-Bit Axe |
| 13:01 | Build | Blacksmith |
| 13:30 | Build | Mill |
| 13:51 | Create | Villager (Male) |
| 13:52 | Create | Villager (Male) |
| 14:11 | Research | Horse Collar |
| 14:30 | Build | Market |
| 14:34 | Create | Villager (Male) |
| 14:34 | Create | Villager (Male) |
| 15:27 | Research | Castle Age |
| 16:00 | Create | Villager (Male) |
| 16:01 | Create | Villager (Male) |
| 16:17 | Research | Forging |
| 16:18 | Research | Scale Barding Armor |
| 16:28 | Build | Stable |
| 16:35 | Build | Stable |
| 17:53 | Age | Castle Age |
| 17:58 | Build | Town Center |
| 18:02 | Create | Villager (Male) |
| 18:03 | Research | Heavy Plow |
| 18:10 | Research | Bow Saw |
| 18:57 | Create | Villager (Male) |
| 19:01 | Research | Heavy Plow |
| 20:26 | Create | Villager (Male) |
| 20:26 | Create | Villager (Male) |
| 20:26 | Create | Villager (Male) |
| 20:27 | Create | Villager (Male) |
| 20:45 | Build | Farm |
| 20:48 | Build | Farm |
| 20:54 | Build | Farm |
| 21:05 | Build | Farm |
| 21:07 | Build | Farm |
| 21:10 | Build | Farm |
| 21:20 | Build | Monastery |
| 22:13 | Research | Iron Casting |
| 22:14 | Research | Chain Barding Armor |
| 22:28 | Build | University |
| 22:52 | Create | Villager (Male) |
| 22:52 | Create | Villager (Male) |
| 22:53 | Create | Villager (Male) |
| 22:53 | Create | Villager (Male) |
| 22:53 | Create | Villager (Male) |
| 23:16 | Build | Siege Workshop |
| 23:47 | Build | Farm |
| 23:49 | Build | Farm |
| 23:53 | Build | Farm |
| 23:54 | Build | Farm |
| 24:01 | Build | Farm |
| 24:01 | Build | Farm |
| 24:01 | Build | Farm |
| 24:01 | Build | Farm |
| 24:02 | Build | Farm |
| 24:02 | Build | Farm |
| 24:02 | Build | Farm |
| 24:02 | Build | Farm |
| 24:02 | Build | Farm |
| 24:03 | Build | Farm |
| 24:03 | Build | Farm |
| 24:23 | Research | Bloodlines |
| 24:27 | Create | Monk |
| 24:30 | Create | Villager (Male) |
| 24:30 | Create | Villager (Male) |
| 24:30 | Create | Villager (Male) |
| 24:32 | Create | Villager (Male) |
| 25:02 | Create | Villager (Male) |
| 25:02 | Create | Villager (Male) |
| 25:03 | Create | Villager (Male) |
| 25:04 | Create | Villager (Male) |
| 25:06 | Build | Town Center |
| 25:27 | Create | Villager (Male) |
| 25:28 | Create | Villager (Male) |
| 25:28 | Create | Villager (Male) |
| 25:38 | Build | House |
| 25:43 | Build | House |
| 25:53 | Build | House |
| 25:56 | Build | House |
| 26:00 | Build | House |
| 26:34 | Create | Villager (Male) |
| 26:34 | Create | Villager (Male) |
| 26:35 | Create | Villager (Male) |
| 26:40 | Build | Farm |
| 26:43 | Build | Farm |
| 26:45 | Build | Farm |
| 27:04 | Build | House |
| 27:11 | Create | Knight |
| 27:24 | Create | Knight |
| 27:24 | Create | Knight |
| 27:24 | Create | Knight |
| 27:25 | Create | Knight |
| 28:00 | Create | Villager (Male) |
| 28:01 | Create | Villager (Male) |
| 28:01 | Create | Villager (Male) |
| 28:01 | Create | Villager (Male) |
| 28:13 | Build | Market |
| 29:13 | Create | Knight |
| 29:14 | Create | Knight |
| 29:14 | Create | Knight |
| 29:31 | Research | Husbandry |
| 29:35 | Create | Villager (Male) |
| 29:35 | Create | Villager (Male) |
| 29:35 | Create | Villager (Male) |
| 29:36 | Create | Villager (Male) |
| 29:36 | Create | Villager (Male) |
Match timeline
| 0:41 | brightonpig · first_building Dock |
| 3:54 | panda · first_building Dock |
| 11:41 | brightonpig · first_building Barracks |
| 11:59 | panda · first_building Barracks |
| 12:20 | panda · age_up feudal |
| 12:46 | brightonpig · age_up feudal |
| 12:59 | panda · first_building Stable |
| 14:05 | panda · wall_segment Palisade Wall x1 |
| 14:15 | panda · wall_segment Palisade Wall x1 |
| 15:21 | brightonpig · first_market_sell 100 wood |
| 16:28 | brightonpig · first_building Stable |
| 17:53 | brightonpig · age_up castle |
| 21:20 | brightonpig · first_building Monastery |
| 23:16 | brightonpig · first_building Siege Workshop |
| 24:44 | panda · age_up castle |
| 24:55 | panda · first_building Siege Workshop |
| 30:13 | panda · resign |
[ AI ANALYSIS · 1 CREDIT ]
What really happened in this match?
Wolo.gg analyzes every decision: build order, eco, micro, common mistakes by bracket. Personalized analysis on WhatsApp or Discord in 30 seconds.
Civ guide
Persians
Map guide
Nomad
Perfil
panda